 Dungeon Crawl Stone Soup version 0.25-a0-734-g73332aeda9 (webtiles) character file.

Game seed: 13155405212702012246, levelgen mode: deterministic

284 Cral the Chiller (level 6, -2/41 HPs)
             Began as a Merfolk Ice Elementalist on Apr 10, 2020.
             Slain by a bullfrog (4 damage)
             ... on level 6 of the Dungeon.
             The game lasted 00:04:04 (2574 turns).

Cral the Chiller (Merfolk Ice Elementalist)         Turns: 2574, Time: 00:04:05

Health: -2/41      AC:  3    Str:  9    XL:     6   Next: 29%
Magic:  7/11       EV: 15    Int: 16    God:
Gold:   73         SH:  0    Dex: 14    Spells: 8/12 levels left

rFire    . . .     SeeInvis .   i - +2 dagger (freeze)
rCold    . . .     Gourm    .   (no shield)
rNeg     + . .     Faith    +   a - +0 robe
rPois    .         Spirit   .   (no helmet)
rElec    .         Reflect  .   (no cloak)
rCorr    .         Harm     .   e - +0 pair of gloves
MR       .....                  (no boots)
Stlth    ++........             q - amulet of faith
HPRegen  0.13/turn              b - ring of positive energy
MPRegen  0.12/turn              (no ring)

@: frozen ramparts
A: change form in water, swift swim, stealthy swim
a: no special abilities


You were on level 6 of the Dungeon.
You were hungry.

You visited 1 branch of the dungeon, and saw 4 of its levels.

You collected 73 gold pieces.

Inventory:

Hand Weapons
 i - a +2 dagger of freezing (weapon)
Armour
 a - a +0 robe (worn)
 e - a +0 pair of gloves (worn)
Jewellery
 b - a ring of positive energy (left hand)
 q - an amulet of faith (around neck)
Wands
 r - a wand of random effects (14)
Scrolls
 f - a scroll of teleportation {unknown}
 h - 4 scrolls of remove curse {unknown}
 j - a scroll of enchant weapon {unknown}
 k - 2 scrolls of identify {unknown}
 l - 2 scrolls of enchant armour {unknown}
 m - a scroll of fear {unknown}
 t - a scroll of blinking {unknown}
Potions
 d - a potion of flight {unknown}
 g - 2 potions of degeneration {unknown}
 n - a potion of heal wounds {unknown}
 o - 4 potions of resistance {unknown}
 p - a potion of magic {unknown}
Comestibles
 c - 4 rations


   Skills:
 + Level 5.0 Dodging
 - Level 2.2 Stealth
 + Level 3.6 Spellcasting
 + Level 6.1 Ice Magic


You had 8 spell levels left.
You knew the following spells:

 Your Spells              Type           Power        Failure   Level  Hunger
a - Freeze                Ice            ###.         1%          1    None
b - Frozen Ramparts       Ice            ###...       4%          3    ###....

Your spell library contained the following spells:

 Spells                   Type           Power        Failure   Level  Hunger
 Ozocubu's Armour         Chrm/Ice       ##......     16%         3    ###....
 Hailstorm                Conj/Ice       ##......     45%         4    ####...
 Summon Ice Beast         Ice/Summ       ##......     45%         4    ####...


Dungeon Overview and Level Annotations

Branches:
Dungeon (3/15)

Altars:
Kikubaaqudgha
Wu Jian
Yredelemnul

Annotations:
D:2 2 transporters, Menkaure


Message History

The wall freezes the ogre.
The wall freezes the ogre.
The wall freezes the ogre.
You hear the rusting of a very distant drain.
The frozen ramparts melt away.
The ogre closely misses you. The ogre misses you. The bullfrog hits you.
* * * LOW HITPOINT WARNING * * *
The bullfrog hits you.
* * * LOW HITPOINT WARNING * * *
The bullfrog misses you. The bullfrog misses you.
There is an open door here.
Casting: Frozen Ramparts (safe; 4% risk of failure)
Confirm with . or Enter, or press ? or * to list all spells.
The walls around you are covered in ice.
The wall freezes the bullfrog.
The bullfrog seems to slow down.
The bullfrog hits you.
You die...

##############
#............#
+............#
#............#
########............#
#....F...........O..######
#.......##'######F##.....#
#...l...#.......@..#.....#
#.......+..........#.....#
#.......#.....######.....#
........#.....##...#.....#
........#..........#.....#
........+..........#.....#
.l......#..........'..>..#
#####+##...#.....#
#.../.##...#.....#


You could see an ogre and a bullfrog.

Vanquished Creatures
  A water moccasin (D:6)
  A hound (D:6)
  Jessica (D:3)
  A worker ant (D:6)
  3 adders (D:3)
  3 oozes
  2 worms (D:2)
  A dart slug (D:1)
  A leopard gecko (D:1)
  5 orcs (D:3)
  4 giant cockroaches
  8 goblins
  2 hobgoblins (D:1)
  10 jackals
  A quokka (D:2)
  2 bats (D:2)
  3 frilled lizards
  A kobold (D:2)
  7 rats
57 creatures vanquished.

Notes
Turn   | Place    | Note
-------+----------+-------------------------------------------
     0 | D:1      | Cral the Merfolk Ice Elementalist began the quest for the
                  | Orb.
     0 | D:1      | Reached XP level 1. HP: 13/13 MP: 3/3
   152 | D:1      | Reached XP level 2. HP: 19/19 MP: 1/5
   274 | D:1      | Reached skill level 5 in Ice Magic
   337 | D:1      | Reached XP level 3. HP: 11/24 MP: 1/6
   342 | D:1      | Learned a level 3 spell: Frozen Ramparts
  1156 | D:2      | Found an ancient bone altar of Kikubaaqudgha.
  1156 | D:2      | Noticed a necrophage
  1158 | D:2      | Noticed Menkaure
  1191 | D:2      | Found a transporter.
  1245 | D:2      | Found a transporter.
  1246 | D:2      | Found a basalt altar of Yredelemnul.
  1943 | D:3      | Reached XP level 4. HP: 24/30 MP: 3/7
  2017 | D:3      | Noticed Jessica
  2022 | D:3      | Killed Jessica
  2235 | D:3      | Reached XP level 5. HP: 28/35 MP: 2/9
  2270 | D:3      | Found an ornate altar of the Wu Jian Council.
  2407 | D:3      | You fall into a shaft and drop 3 floors!
  2444 | D:6      | Noticed a water moccasin
  2456 | D:6      | Killed a water moccasin
  2456 | D:6      | Reached skill level 5 in Dodging
  2456 | D:6      | Reached skill level 6 in Ice Magic
  2456 | D:6      | Reached XP level 6. HP: 24/41 MP: 1/11
  2568 | D:6      | HP: 1/41 [bullfrog (4)]
  2574 | D:6      | Slain by a bullfrog

Levels and vault maps discovered:
D:1:      co_arrival_random_square_maze, layout_basic
D:2:      layout_loops_ring, gammafunk_temple_of_torment, first_ration
D:3:      layout_basic, nicolae_overflow_crystal_walls, uniq_jessica
D:6:      layout_gridville, minmay_temple_entry_junction,
          cheibrodos_sewer_entry_bend, uniq_sigmund, uniq_menkaure

Skill      XL: |  1  2  3  4  5 |
---------------+----------------+-----
Ice Magic      | 5 6 |  6.1
Dodging        | 3 4 5 |  5.0
Spellcasting   | 3 |  3.6
Stealth        | |  2.2

Action                   |  1- 3 |  4- 6 || total
-------------------------+-------+-------++-------
Melee: Unarmed           |     8 |       ||     8
       Dagger            |    31 |     7 ||    38
 Cast: Freeze            |    47 |    25 ||    72
       Frozen Ramparts   |     3 |     7 ||    10
  Eat: Chunk             |     4 |     2 ||     6
Armor: Robe              |    17 |     2 ||    19
Dodge: Dodged            |    58 |    23 ||    81

Table legend:
 A = Non-vault XP
 B = Vault XP
 C = Vault XP percentage of total XP
 D = Non-vault monster count
 E = Vault monster count
 F = Vault count percentage of total count
                 A         B        C        D         E       F
            +---------+---------+-------+---------+---------+-------
      Total |     369 |      37 |   9.1 |      56 |       1 |   1.8
            +---------+---------+-------+---------+---------+-------
        D:1 |      40 |       0 |   0.0 |      18 |       0 |   0.0
        D:2 |      41 |       0 |   0.0 |      18 |       0 |   0.0
        D:3 |      74 |      37 |  33.3 |      17 |       1 |   5.6
        D:6 |     214 |       0 |   0.0 |       3 |       0 |   0.0
            +---------+---------+-------+---------+---------+-------
